 Dungeon Crawl Stone Soup version 0.19-a0-1071-g4ed3155 (webtiles) character file.

524 4thArraOfDagon the Cleaver (level 7, 0/57 HPs)
             Began as a Minotaur Berserker on Aug 5, 2016.
             Was a Believer of Trog.
             Killed by drain life
             ... invoked by a soul eater
             ... summoned by an obsidian statue
              (11 damage)
             ... on level 9 of the Dungeon.
             The game lasted 00:04:51 (746 turns).

4thArraOfDagon the Cleaver (Minotaur Berserker)      Turns: 746, Time: 00:04:52

Health: 0/57       AC:  7    Str: 24    XL:     7   Next: 2%
Magic:  6/6        EV: 11    Int:  4    God:    Trog [**....]
Gold:   109        SH:  0    Dex:  9    Spells: 0 memorised, 6 levels left

rFire  . . .     SeeInvis +     a - +0 hand axe
rCold  . . .     Gourm    .     q - +0 ring mail (curse)
rNeg   . . .     Faith    .     (no shield)
rPois  .         Spirit   .     (helmet restricted)
rElec  .         Dismiss  .     (no cloak)
rCorr  .         Reflect  .     (no gloves)
SustAt .         Harm     .     i - +0 pair of boots
MR     .....                    (no amulet)
Stlth  ..........               s - ring of see invisible
                                d - ring of loudness (curse)

@: exhausted, flying, slowed, drained, very slow
A: retaliatory headbutt, horns 2
a: Berserk, Trog's Hand, Burn Spellbooks, Renounce Religion


You were on level 9 of the Dungeon.
You worshipped Trog.
Trog was pleased with you.
You were not hungry.

You visited 1 branch of the dungeon, and saw 8 of its levels.

You collected 109 gold pieces.

Inventory:

Hand Weapons
 a - a +0 hand axe (weapon)
Armour
 b - a +0 animal skin
 e - a +0 ring mail
 f - a +0 scale mail
 i - a +0 pair of boots (worn)
 q - a cursed +0 ring mail (worn)
Jewellery
 d - a cursed ring of loudness (left hand)
 s - a ring of see invisible (right hand)
Wands
 c - a wand of iceblast (2/15)
Scrolls
 g - a scroll of random uselessness {unknown}
 h - 2 scrolls of identify {unknown}
 j - 3 scrolls of fog {unknown}
 k - a scroll of teleportation {unknown}
 l - a scroll of blinking {unknown}
 m - a scroll of enchant armour {unknown}
 o - 2 scrolls of remove curse {unknown}
 r - a scroll of magic mapping {unknown}
Potions
 n - 2 potions of curing {unknown}
 u - a potion of agility {unknown}
Comestibles
 t - 3 chunks of flesh


   Skills:
 - Level 3.6(3.3) Fighting
 * Level 8.1(7.9) Axes
 + Level 5.6(5.3) Armour
 - Level 2.1(1.9) Dodging


You had 6 spell levels left.
You didn't know any spells.

Dungeon Overview and Level Annotations

Branches:
Dungeon (10/15)
 Temple: D:4-7         Lair: D:8-11         Orc: D:9-12

Altars:
Fedhas
Sif Muna
Xom

Annotations:
D:9 exclusion: obsidian statue
D:10 Fannar


Innate Abilities, Weirdness & Mutations

You reflexively headbutt those who attack you in melee.
You have a pair of horns on your head.


Message History

The soul eater is heavily wounded.
The soul eater draws from the surrounding life force!
The soul eater is healed.
You barely miss the soul eater. You headbutt the soul eater.
The soul eater is heavily wounded.
You closely miss the soul eater. Your headbutt misses the soul eater.
The soul eater is heavily wounded.
The soul eater closely misses you.
You hit the soul eater but do no damage.
Your headbutt misses the soul eater.
The soul eater is heavily wounded.
You are no longer berserk.
You are exhausted.
You feel yourself slow down. The soul eater hits you!
* * * LOW HITPOINT WARNING * * *
It was a potion of flight.
You feel very buoyant.
You fly up into the air.
The soul eater draws from the surrounding life force!
You die...

## .. #.## .###.# ####+####
##.## .. ..##.......# #...# #
#.##..+.......# #.#.# ..3
#..#..#.......# ###.#.#
..?..##.##.#.......#####...#.#
.)8?.3'..'.........'.....#.#..
..$..##.##.........#######.###
... #..#.....3@...# #.# #
#.##.##.......# #.#
..#..##.......# #..
.###.#######.### ### ## ...
#..# ...## ..... ....# .....
.... .... ...


You could see a soul eater.

Vanquished Creatures
  A wyvern (D:9)
  Edmund (D:4)
  Blork the orc (D:4)
  A giant frog (D:6)
  Jessica (D:2)
  Terence (D:2)
  A worker ant (D:6)
  2 adders
  A shadow imp (D:6)
  An ooze (D:3)
  3 giant geckos
  3 giant cockroaches
  5 goblins
  A hobgoblin (D:1)
  6 jackals (D:1)
  A ball python (D:1)
  A bat (D:1)
  A jackal skeleton (D:4)
  2 kobolds
  8 rats
  A fungus (D:3)
43 creatures vanquished.

Notes
Turn   | Place    | Note
-------+----------+-------------------------------------------
     0 | D:1      | 4thArraOfDagon the Minotaur Berserker began the quest for the Orb.
     0 | D:1      | Reached XP level 1. HP: 19/19 MP: 0/0
     9 | D:1      | 4thArraOfDagon: this is worst ending
     9 | D:1      | 4thArraOfDagon: lots of backtracking
     9 | D:1      | 4thArraOfDagon: off water
    29 | D:1      | Reached skill level 4 in Axes
    43 | D:1      | Reached XP level 2. HP: 17/26 MP: 1/1
    89 | D:1      | next lab
   169 | D:2      | Noticed Terence
   175 | D:2      | Reached XP level 3. HP: 20/31 MP: 2/2
   175 | D:2      | Reached ** piety under Trog
   176 | D:2      | Killed Terence
   176 | D:2      | Reached skill level 5 in Axes
   213 | D:2      | Noticed Jessica
   224 | D:2      | Killed Jessica
   224 | D:2      | Reached XP level 4. HP: 11/39 MP: 3/3
   256 | D:2      | Found a deep blue altar of Sif Muna.
   347 | D:3      | Found a blossoming altar of Fedhas.
   454 | D:4      | Found a shimmering altar of Xom.
   479 | D:4      | Noticed Blork the orc
   481 | D:4      | Noticed Edmund
   490 | D:4      | Killed Blork the orc
   490 | D:4      | Reached skill level 6 in Axes
   490 | D:4      | Reached XP level 5. HP: 45/45 MP: 4/4
   499 | D:4      | Killed Edmund
   499 | D:4      | Reached skill level 7 in Axes
   499 | D:4      | Reached XP level 6. HP: 41/51 MP: 5/5
   505 | D:4      | You fall through a shaft for 2 floors!
   567 | D:6      | Reached skill level 5 in Armour
   648 | D:6      | You fall through a shaft!
   648 | D:7      | Noticed a hungry ghost
   650 | D:7      | You fall through a shaft for 2 floors!
   668 | D:9      | Noticed a wyvern
   672 | D:9      | Killed a wyvern
   672 | D:9      | Reached skill level 8 in Axes
   672 | D:9      | Reached XP level 7. HP: 57/57 MP: 6/6
   673 | D:9      | Found a runed door.
   713 | D:9      | Noticed an obsidian statue
   714 | D:9      | Noticed a soul eater
   725 | D:10     | Entered Level 10 of the Dungeon
   725 | D:10     | Noticed Fannar
   746 | D:9      | Killed from afar by a soul eater

Vault maps used:
D:1:      onia_arrival_pentagram
D:2:      nicolae_overflow_hidden_temple, nicolae_overflow_crystal_walls,
          uniq_terence, uniq_jessica
D:3:      fedhas_altar_3, lemuel_crystal_altar, kennysheep_generic_room_6,
          uniq_iyjb, uniq_robin
D:4:      lemuel_round_altar, yredelemnul_altar_generic, zin_treasury,
          serial_undead, serial_undead_b, serial_undead_e, serial_undead_c,
          serial_undead_f, serial_undead_b, xom_teletrap_fun, uniq_sigmund,
          uniq_edmund, uniq_blork_the_orc
D:7:      uniq_pikel
D:9:      marbit_many_paths, kennysheep_orc_monster_closet_entryway,
          blue_anna_alchemist, minmay_statue_crystal_thing, uniq_maurice,
          uniq_erica, uniq_prince_ribbit1
D:10:     uniq_fannar, uniq_nergalle

Skill      XL: |  1  2  3  4  5  6 |
---------------+-------------------+-----
Axes           | 4 5 6 7 8 |  8.1
Armour         | 3 4 5 |  5.6
Fighting       | |  3.6
Dodging        | |  2.1

Action                   |  1- 3 |  4- 6 |  7- 9 || total
-------------------------+-------+-------+-------++-------
Melee: Hand axe          |    29 |    49 |    17 ||    95
       Headbutt          |     4 |     9 |     1 ||    14
Invok: Berserk           |     2 |     3 |     1 ||     6
       Trog's Hand       |       |     2 |       ||     2
  Use: Potion            |       |       |     1 ||     1
  Eat: Chunk             |       |     2 |       ||     2
       Bread ration      |       |     1 |       ||     1
Armor: Animal skin       |     4 |       |       ||     4
       Ring mail         |     6 |     5 |     1 ||    12
       Scale mail        |     1 |    20 |       ||    21
Dodge: Dodged            |    30 |    28 |     4 ||    62
